[ AOE2 MATCH · #483234052 ]
1v1 RMBurgundians vs Romans
Rival team · WIN
[ REPLAY ANALYSIS · EXTRACTED FROM THE RECORDED GAME ]
Feudal
9:52
Castle
19:46
Imperial
37:34
| APM avg | 71.4 |
| APM peak | 143 |
| eAPM avg | 35.4 |
| Villagers / military | 229 / 807 |
Focus
⚔️ 41.3% · 🌾 58.7%
Scout Cavalry ×405 · Spearman ×141 · Knight ×103 · Flemish Militia ×49 · Hand Cannoneer ×30 · Skirmisher ×29
Feudal
9:21
Castle
20:04
Imperial
42:14
| APM avg | 58.3 |
| APM peak | 105 |
| eAPM avg | 29.6 |
| Villagers / military | 266 / 815 |
Focus
⚔️ 56.9% · 🌾 43.1%
Spearman ×476 · Scout Cavalry ×218 · Knight ×43 · Cavalry Archer ×32 · Scorpion ×23 · Petard ×7
Match map
Initial resources + every placement click. Lines = walls · curves = elevation contours. ◆ gold · ⬟ stone · ● berries · ✦ relic · ◌ wall gap
Your base· Open — opponent sealed themselves in
ShadowCrystallux's base· ✓ Closed at 20:04 · 53t walls · no gate
Smoothed initial terrain · ◌ = detected wall gap · hover for details
Inputs per minute
— 精锐完颜科比 - - ShadowCrystallux
Build order — 精锐完颜科比
First 150 of 941 actions detected
| 0:01 | Create | Villager (Male) |
| 0:01 | Create | Villager (Male) |
| 0:02 | Build | House |
| 0:03 | Build | House |
| 0:35 | Create | Villager (Male) |
| 0:36 | Create | Villager (Male) |
| 0:36 | Create | Villager (Male) |
| 1:32 | Create | Villager (Male) |
| 1:53 | Build | Lumber Camp |
| 1:59 | Create | Villager (Male) |
| 2:16 | Create | Villager (Male) |
| 2:45 | Create | Villager (Male) |
| 2:46 | Create | Villager (Male) |
| 2:47 | Build | House |
| 2:58 | Create | Villager (Male) |
| 3:29 | Create | Villager (Male) |
| 3:59 | Create | Villager (Male) |
| 4:20 | Create | Villager (Male) |
| 4:24 | Build | Mill |
| 4:58 | Create | Villager (Male) |
| 5:14 | Create | Villager (Male) |
| 5:25 | Build | House |
| 5:34 | Create | Villager (Male) |
| 5:59 | Research | Double-Bit Axe |
| 6:08 | Create | Villager (Male) |
| 6:38 | Build | Mill |
| 6:42 | Create | Villager (Male) |
| 6:45 | Research | Loom |
| 7:37 | Create | Villager (Male) |
| 7:42 | Research | Feudal Age |
| 8:08 | Build | House |
| 8:35 | Build | Barracks |
| 8:59 | Build | Palisade Wall |
| 9:08 | Create | Villager (Male) |
| 9:49 | Build | Palisade Wall |
| 9:51 | Create | Villager (Male) |
| 9:52 | Age | Feudal Age |
| 9:56 | Build | Stable |
| 10:05 | Research | Bow Saw |
| 10:13 | Research | Horse Collar |
| 10:28 | Create | Villager (Male) |
| 10:30 | Create | Spearman |
| 10:32 | Create | Flemish Militia |
| 10:39 | Create | Scout Cavalry |
| 10:42 | Build | House |
| 10:57 | Create | Villager (Male) |
| 11:04 | Create | Flemish Militia |
| 11:09 | Build | Farm |
| 11:09 | Build | Farm |
| 11:11 | Build | Farm |
| 11:13 | Build | Farm |
| 11:21 | Create | Villager (Male) |
| 11:32 | Build | House |
| 11:38 | Build | House |
| 11:41 | Build | Palisade Wall |
| 11:49 | Create | Scout Cavalry |
| 11:52 | Build | Farm |
| 11:54 | Build | Farm |
| 11:55 | Build | Farm |
| 11:58 | Create | Villager (Male) |
| 12:07 | Build | Farm |
| 12:17 | Build | Palisade Gate |
| 12:25 | Create | Villager (Male) |
| 12:28 | Build | Farm |
| 12:28 | Build | Farm |
| 12:48 | Create | Villager (Male) |
| 12:52 | Build | Blacksmith |
| 13:04 | Build | Palisade Wall |
| 13:12 | Create | Villager (Male) |
| 13:15 | Build | Farm |
| 13:16 | Build | Farm |
| 13:40 | Create | Villager (Male) |
| 13:42 | Build | Mining Camp |
| 13:52 | Build | Palisade Wall |
| 13:56 | Create | Villager (Male) |
| 14:00 | Build | Farm |
| 14:23 | Create | Villager (Male) |
| 14:28 | Build | Farm |
| 14:36 | Build | Palisade Wall |
| 14:48 | Create | Villager (Male) |
| 14:51 | Create | Flemish Militia |
| 15:03 | Build | House |
| 15:06 | Build | House |
| 15:11 | Create | Villager (Male) |
| 15:11 | Create | Villager (Male) |
| 15:26 | Create | Villager (Male) |
| 15:28 | Build | Farm |
| 16:20 | Build | Lumber Camp |
| 16:34 | Create | Villager (Male) |
| 17:06 | Research | Castle Age |
| 17:06 | Research | Castle Age |
| 17:24 | Research | Heavy Plow |
| 17:42 | Research | Gold Mining |
| 18:40 | Create | Villager (Male) |
| 19:19 | Research | Wheelbarrow |
| 19:27 | Create | Flemish Militia |
| 19:46 | Age | Castle Age |
| 19:47 | Create | Knight |
| 19:50 | Research | Scale Barding Armor |
| 19:59 | Build | Town Center |
| 20:01 | Create | Villager (Male) |
| 20:14 | Build | Town Center |
| 20:23 | Create | Flemish Militia |
| 20:35 | Create | Villager (Male) |
| 20:48 | Build | Palisade Gate |
| 20:50 | Build | Palisade Wall |
| 20:52 | Create | Villager (Male) |
| 21:13 | Create | Knight |
| 21:14 | Create | Knight |
| 21:18 | Create | Villager (Male) |
| 21:22 | Build | Stable |
| 21:40 | Create | Villager (Male) |
| 21:42 | Create | Knight |
| 21:59 | Create | Villager (Male) |
| 21:59 | Create | Villager (Male) |
| 22:18 | Build | Farm |
| 22:20 | Build | Farm |
| 22:21 | Build | Farm |
| 22:22 | Create | Villager (Male) |
| 22:22 | Create | Villager (Male) |
| 22:24 | Build | Farm |
| 22:25 | Build | Farm |
| 22:32 | Build | Farm |
| 22:33 | Research | Hand Cart |
| 22:38 | Research | Cavalier (upgrade) |
| 22:39 | Research | Husbandry |
| 22:44 | Build | Farm |
| 22:46 | Build | Farm |
| 22:52 | Build | Farm |
| 22:53 | Build | Farm |
| 22:56 | Create | Villager (Male) |
| 22:56 | Create | Villager (Male) |
| 23:01 | Research | Chain Barding Armor |
| 23:03 | Create | Villager (Male) |
| 23:03 | Create | Villager (Male) |
| 23:10 | Build | Siege Workshop |
| 23:19 | Create | Knight |
| 23:31 | Create | Villager (Male) |
| 23:31 | Create | Villager (Male) |
| 23:31 | Create | Villager (Male) |
| 23:44 | Create | Scorpion |
| 23:56 | Create | Villager (Male) |
| 23:56 | Create | Villager (Male) |
| 23:58 | Build | Farm |
| 23:59 | Build | Farm |
| 24:02 | Create | Knight |
| 24:03 | Create | Knight |
| 24:11 | Build | Outpost |
| 24:17 | Create | Villager (Male) |
| 24:17 | Create | Villager (Male) |
Build order — ShadowCrystallux
First 150 of 1187 actions detected
| 0:02 | Build | House |
| 0:03 | Create | Villager (Male) ×4 |
| 0:06 | Build | House |
| 1:29 | Create | Villager (Male) |
| 1:29 | Create | Villager (Male) |
| 1:59 | Create | Villager (Male) |
| 2:15 | Create | Villager (Male) |
| 2:43 | Build | Lumber Camp |
| 2:45 | Create | Villager (Male) |
| 2:45 | Create | Villager (Male) |
| 3:04 | Create | Villager (Male) |
| 3:04 | Create | Villager (Male) |
| 3:51 | Create | Villager (Male) |
| 3:51 | Create | Villager (Male) |
| 3:57 | Build | House |
| 4:01 | Create | Villager (Male) |
| 4:09 | Create | Villager (Male) |
| 4:09 | Create | Villager (Male) |
| 4:14 | Build | House |
| 4:42 | Build | Palisade Wall |
| 4:43 | Build | Palisade Wall |
| 4:44 | Build | Palisade Wall |
| 4:50 | Create | Villager (Male) |
| 4:51 | Create | Villager (Male) |
| 5:47 | Create | Villager (Male) |
| 5:55 | Build | Mill |
| 6:15 | Research | Loom |
| 7:05 | Research | Feudal Age |
| 7:05 | Research | Feudal Age |
| 7:11 | Build | Mill |
| 8:15 | Build | Barracks |
| 8:48 | Create | Villager (Male) |
| 8:49 | Create | Villager (Male) |
| 9:21 | Age | Feudal Age |
| 9:22 | Build | Stable |
| 9:41 | Research | Double-Bit Axe |
| 9:53 | Build | House |
| 10:11 | Create | Villager (Male) |
| 10:12 | Research | Horse Collar |
| 10:16 | Create | Scout Cavalry |
| 10:16 | Create | Scout Cavalry |
| 10:16 | Create | Scout Cavalry |
| 10:24 | Create | Villager (Male) |
| 10:28 | Build | House |
| 10:31 | Build | Palisade Wall |
| 10:38 | Create | Spearman |
| 10:45 | Build | Palisade Wall |
| 10:52 | Build | House |
| 10:56 | Build | Farm |
| 11:06 | Create | Villager (Male) |
| 11:06 | Create | Villager (Male) |
| 11:11 | Build | Farm |
| 11:14 | Build | Farm |
| 11:24 | Build | Palisade Wall |
| 11:26 | Create | Villager (Male) |
| 11:40 | Build | Farm |
| 11:43 | Build | Farm |
| 11:50 | Create | Scout Cavalry |
| 11:59 | Build | House |
| 12:16 | Create | Scout Cavalry |
| 12:26 | Build | Farm |
| 12:27 | Build | Farm |
| 12:27 | Build | Farm |
| 12:30 | Create | Villager (Male) |
| 12:37 | Build | House |
| 12:52 | Build | Farm |
| 12:58 | Build | Palisade Wall |
| 12:59 | Build | Palisade Wall |
| 13:00 | Create | Villager (Male) |
| 13:09 | Create | Scout Cavalry |
| 13:13 | Build | Farm |
| 13:27 | Build | Farm |
| 13:30 | Build | Farm |
| 13:37 | Create | Villager (Male) |
| 13:40 | Build | Farm |
| 13:50 | Build | Palisade Wall |
| 13:52 | Create | Villager (Male) |
| 13:59 | Build | Palisade Wall |
| 14:10 | Build | Farm |
| 14:19 | Create | Villager (Male) |
| 14:54 | Create | Villager (Male) |
| 14:54 | Create | Villager (Male) |
| 15:05 | Build | Mining Camp |
| 15:39 | Create | Villager (Male) |
| 15:49 | Research | Wheelbarrow |
| 16:21 | Build | Blacksmith |
| 16:46 | Build | Palisade Wall |
| 17:09 | Research | Castle Age |
| 17:09 | Research | Castle Age |
| 17:16 | Build | Palisade Wall |
| 17:35 | Build | Archery Range |
| 17:54 | Research | Bloodlines |
| 18:36 | Build | Palisade Wall |
| 18:39 | Build | Archery Range |
| 18:47 | Build | Lumber Camp |
| 18:54 | Research | Gold Mining |
| 18:54 | Research | Gold Mining |
| 19:09 | Build | Palisade Wall |
| 19:29 | Create | Villager (Male) |
| 19:51 | Create | Villager (Male) |
| 20:04 | Age | Castle Age |
| 20:06 | Create | Cavalry Archer |
| 20:06 | Create | Cavalry Archer |
| 20:07 | Research | Fletching |
| 20:08 | Create | Villager (Male) |
| 20:13 | Build | Town Center |
| 20:19 | Build | Town Center |
| 20:21 | Research | Bow Saw |
| 20:42 | Create | Cavalry Archer |
| 20:42 | Create | Cavalry Archer |
| 20:43 | Create | Villager (Male) |
| 20:43 | Create | Villager (Male) |
| 20:56 | Create | Villager (Male) |
| 21:27 | Create | Cavalry Archer |
| 21:27 | Create | Cavalry Archer |
| 21:29 | Create | Villager (Male) |
| 21:42 | Create | Villager (Male) |
| 21:47 | Build | Town Center |
| 22:00 | Create | Cavalry Archer |
| 22:00 | Create | Cavalry Archer |
| 22:03 | Research | Bodkin Arrow |
| 22:03 | Research | Bodkin Arrow |
| 22:17 | Build | Palisade Gate |
| 22:27 | Create | Cavalry Archer |
| 22:27 | Create | Cavalry Archer |
| 22:28 | Create | Villager (Male) |
| 22:28 | Create | Villager (Male) |
| 22:39 | Build | Farm |
| 22:40 | Build | Farm |
| 22:43 | Create | Cavalry Archer |
| 22:44 | Create | Cavalry Archer |
| 22:44 | Create | Villager (Male) |
| 22:44 | Create | Villager (Male) |
| 23:04 | Create | Villager (Male) |
| 23:04 | Create | Villager (Male) |
| 23:07 | Build | Farm |
| 23:08 | Build | Farm |
| 23:10 | Build | Farm |
| 23:12 | Build | Farm |
| 23:23 | Build | House |
| 23:27 | Build | House |
| 23:31 | Create | Villager (Male) |
| 23:31 | Create | Villager (Male) |
| 23:34 | Build | Farm |
| 23:34 | Build | Farm |
| 23:50 | Create | Villager (Male) |
| 23:50 | Create | Villager (Male) |
| 23:56 | Create | Villager (Male) |
| 23:56 | Create | Villager (Male) |
| 23:59 | Build | House |
Match timeline
| 4:42 | ShadowCrystallux · wall_segment Palisade Wall x1 |
| 4:43 | ShadowCrystallux · wall_segment Palisade Wall x1 |
| 4:44 | ShadowCrystallux · wall_segment Palisade Wall x1 |
| 8:15 | ShadowCrystallux · first_building Barracks |
| 8:35 | 精锐完颜科比 · first_building Barracks |
| 8:59 | 精锐完颜科比 · wall_segment Palisade Wall x1 |
| 9:21 | ShadowCrystallux · age_up feudal |
| 9:22 | ShadowCrystallux · first_building Stable |
| 9:49 | 精锐完颜科比 · wall_segment Palisade Wall x10 |
| 9:52 | 精锐完颜科比 · age_up feudal |
| 9:56 | 精锐完颜科比 · first_building Stable |
| 10:31 | ShadowCrystallux · wall_segment Palisade Wall x1 |
| 10:45 | ShadowCrystallux · wall_segment Palisade Wall x1 |
| 11:24 | ShadowCrystallux · wall_segment Palisade Wall x5 |
| 11:41 | 精锐完颜科比 · wall_segment Palisade Wall x3 |
| 12:58 | ShadowCrystallux · wall_segment Palisade Wall x6 |
| 12:59 | ShadowCrystallux · wall_segment Palisade Wall x1 |
| 13:04 | 精锐完颜科比 · wall_segment Palisade Wall x1 |
| 13:50 | ShadowCrystallux · wall_segment Palisade Wall x13 |
| 13:52 | 精锐完颜科比 · wall_segment Palisade Wall x4 |
| 13:59 | ShadowCrystallux · wall_segment Palisade Wall x13 |
| 14:36 | 精锐完颜科比 · wall_segment Palisade Wall x1 |
| 16:46 | ShadowCrystallux · wall_segment Palisade Wall x8 |
| 17:16 | ShadowCrystallux · wall_segment Palisade Wall x1 |
| 17:35 | ShadowCrystallux · first_building Archery Range |
| 18:36 | ShadowCrystallux · wall_segment Palisade Wall x1 |
| 19:09 | ShadowCrystallux · wall_segment Palisade Wall x1 |
| 19:46 | 精锐完颜科比 · age_up castle |
| 20:04 | ShadowCrystallux · age_up castle |
| 20:50 | 精锐完颜科比 · wall_segment Palisade Wall x2 |
| 23:10 | 精锐完颜科比 · first_building Siege Workshop |
| 29:52 | 精锐完颜科比 · first_building Monastery |
| 32:38 | 精锐完颜科比 · first_building Castle |
| 32:43 | ShadowCrystallux · first_building Castle |
| 34:11 | ShadowCrystallux · first_building Siege Workshop |
| 34:22 | 精锐完颜科比 · first_market_sell 500 wood |
| 34:28 | 精锐完颜科比 · first_market_buy 100 stone |
| 37:34 | 精锐完颜科比 · age_up imperial |
| 40:59 | ShadowCrystallux · first_market_buy 100 stone |
| 41:26 | 精锐完颜科比 · first_building Archery Range |
| 41:32 | ShadowCrystallux · first_building Monastery |
| 42:14 | ShadowCrystallux · age_up imperial |
| 50:19 | ShadowCrystallux · wall_segment Palisade Wall x1 |
| 55:04 | ShadowCrystallux · first_market_sell 500 food |
| 64:01 | 精锐完颜科比 · wall_segment Palisade Wall x2 |
| 64:02 | 精锐完颜科比 · wall_segment Palisade Wall x1 |
| 71:56 | 精锐完颜科比 · resign |
[ AI ANALYSIS · 1 CREDIT ]
What really happened in this match?
Wolo.gg analyzes every decision: build order, eco, micro, common mistakes by bracket. Personalized analysis on WhatsApp or Discord in 30 seconds.
Civ guide
Burgundians
Map guide
Arabia
Perfil
Jugador #1414358